 Dungeon Crawl Stone Soup version 0.27-a0-972-gd1521fd518 (webtiles) character file.

Game seed: 5554952415693395706

3 Glokmah the Charlatan (level 1, -4/12 HPs)
             Began as a Kobold Artificer on Apr 14, 2021.
             Slain by a gnoll
             ... wielding a +0 spear
              (9 damage)
             ... on level 1 of the Dungeon.
             The game lasted 00:00:53 (291 turns).

Glokmah the Charlatan (Kobold Artificer)             Turns: 291, Time: 00:00:53

Health: -4/12      AC:  3    Str:  9    XL:     1   Next: 55%
Magic:  1/1        EV: 14    Int: 12    God:
Gold:   0          SH:  0    Dex: 15    Spells: 0/0 levels left

rFire    . . .     SeeInvis .   a - +0 dagger
rCold    . . .     Faith    .   (shield restricted)
rNeg     . . .     Spirit   .   h - +0 leather armour
rPois    .         Reflect  .   (no helmet)
rElec    .         Harm     .   (no cloak)
rCorr    .         Rampage  .   (no gloves)
Will     .....                  (no boots)
Stlth    +++.......             (no amulet)
HPRegen  0.04/turn              (no ring)
MPRegen  0.07/turn              (no ring)

@: no status effects
A: small, no large weapons, nightstalker 3
a: no special abilities


You were on level 1 of the Dungeon.
You visited 1 branch of the dungeon, and saw 1 of its levels.

Inventory:

Hand Weapons
 a - a +0 dagger (weapon)
 b - a +0 rapier
Armour
 h - a +0 leather armour (worn)
Wands
 c - a wand of flame (14) (quivered)
 d - a wand of charming (15)
Scrolls
 f - a scroll of fear {unknown}
 g - a scroll of noise {unknown}
Potions
 i - a potion of mutation {unknown}
Miscellaneous
 e - a piece from Xom's chessboard (15/15)


   Skills:
 + Level 1.1 Fighting
 * Level 0.0 Short Blades
 - Level 0.7 Armour
 + Level 2.4 Dodging
 * Level 1.7 Stealth
 * Level 3.7 Evocations


You couldn't memorise any spells.
You didn't know any spells.
Your spell library was empty.

Dungeon Overview and Level Annotations

Branches:
Dungeon (1/15)

Altars:


Innate Abilities, Weirdness & Mutations

You are small and have problems with some larger weapons.
You are completely attuned to the shadows.


Message History

A bat is nearby!
You are too injured to fight recklessly!
You are too injured to fight recklessly!
You are too injured to fight recklessly!
You enter the shallow water.
Moving in this stuff is going to be slow.
The bat misses you.
Things that are here:
a +0 dagger; 4 stones Your unstable footing causes you to fumble your attack.
The bat hits you but does no damage. The bat barely misses you.
You closely miss the bat. The bat misses you.
The bat hits you but does no damage. The bat misses you.
The bat hits you but does no damage.
You enter the shallow water.
Moving in this stuff is going to be slow.
The bat hits you but does no damage. The bat closely misses you.
Things that are here:
a +0 dagger; 4 stones You hit the bat.
You kill the bat!
You start resting.
HP restored.
Found a rapier.
Found a bubbling ruby potion.
You see here a +0 rapier.
h - a +0 rapier Adjust to which letter? (? for menu, Esc to quit)
b - a +0 rapier;
h - a +0 leather armour (worn)
A gnoll comes into view. It is wielding a +0 spear.
You see here a bubbling ruby potion.
i - a bubbling ruby potion The gnoll hits you from afar with a +0 spear!
Ouch! That really hurt!
A bat comes into view.
The gnoll misses you.
You barely miss the gnoll. The gnoll hits you with a +0 spear!
Ouch! That really hurt!
You die...

≈......≈≈≈ .≈≈≈≈.....
..≈≈......≈....
...≈..≈.<....≈ #
...≈.≈.≈≈≈≈≈. .#.
#....≈.......
b..######....≈...≈...
#..g.........≈...≈..#
#.@.#.#.....≈.≈...#
###...#.#....≈....#
#####.##.......##
#.###.....## ###.###
#.##### #..)≈..
#..≈..≈ ##.≈≈≈≈


You could see a gnoll and a bat (asleep).

Vanquished Creatures
  2 kobolds (D:1)
  A ball python (D:1)
  A bat (D:1)
4 creatures vanquished.

Notes
Turn   | Place    | Note
-------+----------+-------------------------------------------
     0 | D:1      | Glokmah the Kobold Artificer began the quest for the Orb.
     0 | D:1      | Reached XP level 1. HP: 12/12 MP: 1/1
   291 | D:1      | Slain by a gnoll

Illustrated notes

Levels and vault maps discovered:
D:1:      ebering_trefoil_3fold, layout_basic, chequers_ecumenical_altar_island

Action                   || total
-------------------------++-------
Melee: Dagger            ||    13
Evoke: Wand              ||     1
 Stab: Sleeping          ||     2
Armor: Leather armour    ||     8
Dodge: Dodged            ||     9

Table legend: (Time is in decaauts)
 A = Elapsed time spent in this place.
 B = Non-inter-level travel time spent in this place.
 C = Inter-level travel time spent in this place.
 D = Time resting spent in this place.
 E = Time spent auto-exploring this place.
 F = Levels seen in this place.
 G = Mean time per level.
                   A        B        C        D        E       F      G
               +--------+--------+--------+--------+--------+-----+--------+
         Total |    294 |    294 |      0 |    199 |     19 |   1 |  294.0 |
       Dungeon |    294 |    294 |      0 |    199 |     19 |   1 |  294.0 |
               +--------+--------+--------+--------+--------+-----+--------+

Top non-repeatable levels by time:
     D:1: 294 daAuts
